 Dungeon Sprint DCSS version 0.26-a0-683-g5206c1d7ac (webtiles) character file.

Game seed: 5621117320880503873

3280 rocky1 the Impaler (level 10, -7/63 HPs)
             Began as a Merfolk Ice Elementalist on Oct 23, 2020.
             Was the Champion of Vehumet.
             Killed from afar by a lindwurm (21 damage)
             ... with a blast of flame
             ... in the Dungeon (Sprint VII: "The Pits").
             The game lasted 00:08:25 (1740 turns).

rocky1 the Impaler (Merfolk Ice Elementalist)       Turns: 1740, Time: 00:08:25

Health: -7/63      AC: 11    Str:  9    XL:     10   Next: 0%
Magic:  21/24      EV: 21    Int: 18    God:    Vehumet [******]
Gold:   0          SH:  0    Dex: 14    Spells: 19/30 levels left

rFire    . . .     SeeInvis .   r - +2 halberd (protect)
rCold    . . .     Faith    .   (shield currently unavailable)
rNeg     . . .     Spirit   .   a - +0 robe
rPois    .         Reflect  .   s - +0 helmet
rElec    .         Harm     .   t - +0 cloak
rCorr    .         Rampage  .   (no gloves)
MR       .....     NoTele   +   (no boots)
Stlth    ++........             (no amulet)
HPRegen  0.20/turn              (no ring)
MPRegen  0.19/turn              (no ring)

@: protection aura, frozen ramparts
A: change form in water, swift swim, stealthy swim
a: Renounce Religion


You were in the Dungeon.
You worshipped Vehumet.
Vehumet was exalted by your worship.
You visited 1 branch

Inventory:

Hand Weapons
 l - a +2 trident
 m - a +1 vorpal trident
 r - a +2 halberd of protection (weapon)
Armour
 a - a +0 robe (worn)
 s - a +0 helmet (worn)
 t - a +0 cloak (worn)
Jewellery
 n - a +3 ring of strength
 o - a +3 ring of protection
Scrolls
 h - a scroll of blinking
 i - 3 scrolls of remove curse
 j - 5 scrolls of amnesia
 k - a scroll of summoning
Potions
 b - 2 potions of invisibility
 c - 6 potions of curing
 d - 12 potions of heal wounds
 e - a potion of haste
 f - 4 potions of magic
 g - 2 potions of berserk rage
 p - a potion of resistance
 q - a potion of mutation


   Skills:
 + Level 15.0 Polearms
 + Level 14.2 Dodging
 - Level 2.1 Stealth
 + Level 10.7 Spellcasting
 + Level 13.0 Ice Magic


You had 19 spell levels left.
You knew the following spells:

 Your Spells              Type           Power        Failure   Level
a - Freeze                Ice            ####         1%          1
b - Frozen Ramparts       Ice            ######       1%          3
c - Ozocubu's Armour      Ice            ######..     1%          3
d - Hailstorm             Conj/Ice       ####....     1%          4

Your spell library contained the following spells:

 Spells                   Type           Power        Failure   Level
 Fireball                 Conj/Fire      #.........   45%         5
 Summon Ice Beast         Ice/Summ       ####....     4%          4


Dungeon Overview and Level Annotations

Branches:
Dungeon (1/1)

Altars:
Ashenzari
Cheibriados
Dithmenos
Elyvilon
Fedhas
Gozag
Hepliaklqana
Kikubaaqudgha
Makhleb
Nemelex Xobeh
Okawaru
Qazlal
Ru
Sif Muna
Trog
Uskayaw
Vehumet
Wu Jian
Xom
Yredelemnul
Zin
The Shining One
Beogh
Jiyva
Lugonu


Message History

Vehumet accepts your kill.
Your Polearms skill increases to level 15!
Your Ice Magic skill increases to level 13!
You have reached level 10!
You feel clever.
You feel extremely nervous for a moment...
Pain shoots through your body!
* * * LOW HITPOINT WARNING * * *
You hit the lindwurm but do no damage.
The lindwurm is lightly wounded.
The wall freezes the lindwurm.
The lindwurm closely misses you.
The lindwurm claws you but does no damage. x2
You hit the lindwurm but do no damage.
The lindwurm is moderately wounded.
You hit the lindwurm but do no damage.
The lindwurm is moderately wounded.
The wall freezes the lindwurm.
The lindwurm breathes flames at you. The blast of flame hits you!!
You die...

....'................++..########
#####......#..#......##..).......
#..##...........†....##..........
'..#####'#####''#################
#'###.......##''#
†..##.......##..##
...##.......##...##
#####...<...###...##+##.
)..##.......# ##@.......
)..##.......# #k†###+###
#####.......##..## #..
##########.. #.############..
#)#....#....###. #'#....#..[[# ##
#.[....'..))# #'#....#..).#


You could see a lindwurm (catching breath).

Vanquished Creatures
  2 deep elf magi (D)
  A manticore (D)
  An efreet (D)
  A guardian mummy (D)
  5 dream sheep (D)
  A flying skull (D)
  A black bear (D)
  A wolf (D)
  A centaur (D)
  A small abomination (D)
  A bullfrog (D)
  A gnoll shaman (D)
  A jelly (D)
  2 orc wizards (D)
  4 gnolls (D)
  A river rat (D)
  2 adders (D)
  2 ufetubi (D)
  2 oozes (D)
  A bat (D)
  A hobgoblin (D)
  5 jackals (D)
  A quokka (D)
  A ball python (D)
  A ball python zombie (D)
  A rat (D)
42 creatures vanquished.

Notes
Turn   | Place    | Note
-------+----------+-------------------------------------------
     0 | D        | rocky1 the Merfolk Ice Elementalist began the quest for the
                  | Orb.
     0 | D        | Reached XP level 1. HP: 13/13 MP: 3/3
    20 | D        | Reached skill level 5 in Ice Magic
    50 | D        | Found a bloodstained altar of Trog.
    50 | D        | Found a shimmering blue altar of Sif Muna.
    50 | D        | Found a viscous altar of Jiyva.
    50 | D        | Found a hazy altar of Hepliaklqana.
    50 | D        | Found an opulent altar of Gozag.
    51 | D        | Found a glowing golden altar of the Shining One.
    51 | D        | Found a glowing silver altar of Zin.
    51 | D        | Found a basalt altar of Yredelemnul.
    51 | D        | Found a shimmering altar of Xom.
    51 | D        | Found an ornate altar of the Wu Jian Council.
    51 | D        | Found a sacrificial altar of Ru.
    51 | D        | Found a stormy altar of Qazlal.
    51 | D        | Found an iron altar of Okawaru.
    51 | D        | Found a sparkling altar of Nemelex Xobeh.
    51 | D        | Found a burning altar of Makhleb.
    51 | D        | Found a blossoming altar of Fedhas.
    51 | D        | Found a white marble altar of Elyvilon.
    51 | D        | Found a shadowy altar of Dithmenos.
    51 | D        | Found a snail-covered altar of Cheibriados.
    53 | D        | Found a radiant altar of Vehumet.
    53 | D        | Found a corrupted altar of Lugonu.
    53 | D        | Found a roughly hewn altar of Beogh.
    54 | D        | Found a hide-covered altar of Uskayaw.
    54 | D        | Found an ancient bone altar of Kikubaaqudgha.
    54 | D        | Found a broken altar of Ashenzari.
    63 | D        | Became a worshipper of Vehumet
    91 | D        | Reached skill level 1 in Polearms
    91 | D        | Reached XP level 2. HP: 8/19 MP: 0/6
    94 | D        | Reached * piety under Vehumet
    94 | D        | Offered knowledge of Magic Dart by Vehumet.
   328 | D        | Reached skill level 2 in Polearms
   337 | D        | Reached skill level 3 in Polearms
   337 | D        | Reached XP level 3. HP: 15/24 MP: 1/8
   460 | D        | Offered knowledge of Shock by Vehumet.
   460 | D        | Reached ** piety under Vehumet
   470 | D        | Reached skill level 4 in Polearms
   605 | D        | Learned a level 3 spell: Frozen Ramparts
   609 | D        | Learned a level 3 spell: Ozocubu's Armour
   614 | D        | Noticed a black bear
   618 | D        | Offered knowledge of Ignite Poison by Vehumet.
   618 | D        | Reached *** piety under Vehumet
   619 | D        | Reached skill level 5 in Dodging
   619 | D        | Reached XP level 4. HP: 10/30 MP: 6/10
   623 | D        | Killed a black bear
   623 | D        | Reached skill level 6 in Polearms
   623 | D        | Reached skill level 5 in Spellcasting
   623 | D        | Reached XP level 5. HP: 23/35 MP: 4/12
   624 | D        | Reached skill level 7 in Polearms
   625 | D        | Noticed a flying skull
   625 | D        | Reached **** piety under Vehumet
   635 | D        | Reached ***** piety under Vehumet
   635 | D        | Reached skill level 8 in Polearms
   635 | D        | Reached XP level 6. HP: 40/41 MP: 5/14
   642 | D        | Killed a flying skull
   642 | D        | Reached skill level 9 in Polearms
   700 | D        | Learned a level 4 spell: Hailstorm
   722 | D        | Reached skill level 10 in Polearms
   722 | D        | Reached XP level 7. HP: 36/46 MP: 12/17
   788 | D        | Noticed a deep elf mage
   797 | D        | Killed a deep elf mage
   797 | D        | Offered knowledge of Fulminant Prism by Vehumet.
   797 | D        | Reached skill level 11 in Polearms
   797 | D        | Reached skill level 10 in Ice Magic
   797 | D        | Reached XP level 8. HP: 32/52 MP: 11/20
   925 | D        | Reached skill level 12 in Polearms
  1010 | D        | Noticed an efreet
  1010 | D        | Noticed a manticore
  1015 | D        | Offered knowledge of Static Discharge by Vehumet.
  1017 | D        | Killed an efreet
  1017 | D        | Reached ****** piety under Vehumet
  1157 | D        | Killed a manticore
  1157 | D        | Offered knowledge of Lightning Bolt by Vehumet.
  1157 | D        | Reached skill level 13 in Polearms
  1157 | D        | Reached XP level 9. HP: 20/57 MP: 19/22
  1477 | D        | Noticed a deep elf mage
  1487 | D        | Noticed an ice devil
  1490 | D        | Killed a deep elf mage
  1605 | D        | Noticed an ice devil
  1643 | D        | Reached skill level 14 in Polearms
  1643 | D        | Reached skill level 10 in Spellcasting
  1722 | D        | Offered knowledge of Fireball by Vehumet.
  1723 | D        | Noticed a guardian mummy
  1732 | D        | Noticed a lindwurm
  1737 | D        | Killed a guardian mummy
  1737 | D        | Reached skill level 15 in Polearms
  1737 | D        | Reached XP level 10. HP: 24/63 MP: 20/24
  1740 | D        | Killed from afar by a lindwurm

Illustrated notes

Levels and vault maps discovered:
D:        pitsprint [storerooms_1, entrance_room_1, metal_vault_5, armoury_2,
          mini_pit_1, grid_room_1, main_hall_1, silver_pit, the_coven_2,
          the_vestibule_1, steel_vault_3, golden_pit, hallway_of_sentries,
          crystal_vault_6, iron_vault_2, final_vault]

Skill      XL: |  1  2  3  4  5  6  7  8  9 |
---------------+----------------------------+-----
Ice Magic      | 5 6 7 8 9 10 11 13 | 13.0
Polearms       | 1 3 4 6 8 10 11 13 15 | 15.0
Dodging        | 3 4 5 6 7 9 11 12 14 | 14.2
Spellcasting   | 3 4 5 7 8 9 10 | 10.7
Stealth        | |  2.1

Action                   |  1- 3 |  4- 6 |  7- 9 | 10-12 || total
-------------------------+-------+-------+-------+-------++-------
Melee: Trident           |    31 |     9 |    19 |       ||    59
       Halberd           |       |       |    38 |     3 ||    41
 Cast: Freeze            |    20 |     3 |     3 |       ||    26
       Frozen Ramparts   |     1 |     3 |     8 |       ||    12
       Hailstorm         |       |       |     1 |       ||     1
  Use: Potion            |       |     3 |     2 |       ||     5
 Stab: Sleeping          |     2 |       |       |       ||     2
Armor: Robe              |    10 |       |     2 |     2 ||    14
Dodge: Dodged            |    43 |    10 |    40 |     1 ||    94

Table legend: (Time is in decaauts)
 A = Elapsed time spent in this place.
 B = Non-inter-level travel time spent in this place.
 C = Inter-level travel time spent in this place.
 D = Time resting spent in this place.
 E = Time spent auto-exploring this place.
 F = Levels seen in this place.
 G = Mean time per level.
                   A        B        C        D        E       F      G
               +--------+--------+--------+--------+--------+-----+--------+
         Total |   1739 |   1739 |      0 |   1179 |      0 |   1 | 1739.0 |
       Dungeon |   1739 |   1739 |      0 |   1179 |      0 |   1 | 1739.0 |
               +--------+--------+--------+--------+--------+-----+--------+

Top non-repeatable levels by time:
       D: 1739 daAuts
